 Seeded DCSS version 0.28-a0-1159-g27aa881441 (webtiles) character file.

Game seed: 3047507878316767220 (custom seed)

3231 croobank the Nimble (level 9, -1/51 (63) HPs)
             Began as a Vampire Cinder Acolyte on Dec 16, 2021.
             Was an Elder of Ignis.
             Slain by a wight (3 damage)
             ... while paralysed by a wight
             ... on level 7 of the Dungeon.
             The game lasted 00:51:53 (7371 turns).

croobank the Nimble (Vampire Cinder Acolyte)        Turns: 7371, Time: 00:51:54

HP:   -1/51 (63)    AC: 15    Str: 19    XL:     9   Next: 66%
MP:   1/13          EV:  2    Int: 17    God:    Ignis [****..]
Gold: 294           SH:  0    Dex: 11    Spells: 5/13 levels left

rFire   + . .      SeeInvis +   e - +5 short sword (flame)
rCold   + + .      Faith    .   (no shield)
rNeg    . . .      Spirit   .   z - +6 scale mail of Death's Door {rC+ rCorr Str+4}
rPois   .          Reflect  .   s - +0 helmet
rElec   .          Harm     .   w - +0 cloak
rCorr   +          Rampage  .   (no gloves)
Will    .....                   A - +0 pair of boots
Stlth   ..........              (no amulet)
HPRegen 0.37/turn               i - ring of protection from cold
MPRegen 0.13/turn               (no ring)

@: paralysed, very slightly contaminated, healing quickly, heavily drained
A: alive, fangs 3, see invisible, vampiric 2
a: Exsanguinate, Renounce Religion, Fiery Armour, Foxfire Swarm, Rising Flame


You were on level 7 of the Dungeon.
You worshipped Ignis.
Ignis was greatly pleased with you.
You visited 1 branch of the dungeon, and saw 7 of its levels.

You collected 294 gold pieces.

Inventory:

Hand Weapons
 a - a +2 whip of pain
 e - a +5 short sword of flaming (weapon)
 k - a +0 hunting sling
 G - a +2 flail of protection
 H - a +1 rapier of draining
Missiles
 f - 132 stones
 g - 2 boomerangs
 l - 54 sling bullets
 n - 26 poisoned darts
 F - 6 javelins (quivered)
Armour
 c - +1 steam dragon scales
 m - the +0 helmet "Ufupn" {rPois rC- rCorr Str-2}
   (You took it off Robin on level 2 of the Dungeon)

   Str:       It affects your strength (-2).
   rC:        It makes you vulnerable to cold.
   rPois:     It protects you from poison.
   rCorr:     It protects you from acid and corrosion.
 s - a +0 helmet (worn)
 w - a +0 cloak (worn)
 z - the +6 scale mail of Death's Door (worn) {rC+ rCorr Str+4}
   (You found it on level 5 of the Dungeon)

   Str:       It affects your strength (+4).
   rC:        It protects you from cold.
   rCorr:     It protects you from acid and corrosion.
 A - a +0 pair of boots (worn)
Jewellery
 i - a ring of protection from cold (left hand)
 v - an amulet of faith
Wands
 o - a wand of iceblast (11)
 I - a wand of charming (9)
Scrolls
 b - a scroll of magic mapping {magic mapping, unknown}
 d - 2 scrolls of blinking {blink}
 h - 2 scrolls of vulnerability {vulnerability, unknown}
 j - a scroll of acquirement {acquisition, unknown}
 p - 2 scrolls of immolation
 q - 9 scrolls of identify {identify, unknown}
 y - 2 scrolls of teleportation {teleport, unknown}
 C - a scroll of holy word {holy word, unknown}
 D - a scroll of torment {torment, unknown}
 J - a scroll of fear {fear, unknown}
Potions
 r - a potion of degeneration {degeneration, unknown}
 t - a potion of curing
 u - 2 potions of cancellation {cancellation, unknown}
 x - a potion of brilliance {brilliance, unknown}
 B - a potion of ambrosia {ambrosia, unknown}
 E - a potion of attraction {attraction, unknown}


   Skills:
 - Level 3.0 Fighting
 + Level 8.2 Short Blades
 - Level 0.4 Throwing
 + Level 8.3 Dodging
 - Level 1.0 Stealth
 - Level 2.7 Spellcasting
 - Level 2.3 Transmutations
 - Level 3.8 Fire Magic
 - Level 6.2 Poison Magic


You had 5 spell levels left.
You knew the following spells:

 Your Spells              Type           Power      Damage    Failure   Level
a - Scorch                Fire           30%        2d6       19%         2
b - Beastly Appendage     Tmut           20%        N/A       22%         1
c - Wereblood             Tmut           10%        N/A       32%         2
d - Spider Form           Tmut/Pois      17%        N/A       28%         3

Your spell library contained the following spells:

 Spells                   Type           Power      Damage    Failure   Level
 Ignite Poison            Fire/Tmut/Pois 16%        N/A       30%         3
 Conjure Flame            Conj/Fire      8%         6-21      61%         3
 Gell's Gravitas          Tloc           2%         N/A       86%         3
 Lesser Beckoning         Tloc           2%         N/A       86%         3
 Teleport Other           Tloc           2%         N/A       86%         3
 Sticky Flame             Conj/Fire      8%         2d3       95%         4


Dungeon Overview and Level Annotations

Branches:
Dungeon (7/15)             Temple (0/1) D:7

Altars:
Ashenzari
Gozag
Okawaru

Shops:
D:1 :   D:2 =   D:4 :   D:6 (


Innate Abilities, Weirdness & Mutations

Your natural rate of healing is accelerated.
You have razor-sharp teeth.
You have supernaturally acute eyesight. (SInv)
You are afflicted with vampirism and can become a bat while bloodless.


Message History

The wight closely misses you.
Casting: Scorch (safe; 19% risk of failure)
Confirm with . or Enter, or press ? or * to list all spells.
Flames lash the wight.
The wight is severely damaged.
The wight's fire resistance burns away.
The wight barely misses you. The wight hits you but does no damage.
Casting: Scorch (safe; 19% risk of failure)
Confirm with . or Enter, or press ? or * to list all spells.
Flames lash the wight.
The wight is almost destroyed.
The wight closely misses you. The wight misses you.
Casting: Scorch (safe; 19% risk of failure)
Confirm with . or Enter, or press ? or * to list all spells.
You miscast Scorch.
Nothing appears to happen.
The wight is no longer more vulnerable to fire.
The wight barely misses you. The wight hits you but does no damage.
Casting: Scorch (safe; 19% risk of failure)
Confirm with . or Enter, or press ? or * to list all spells.
You miscast Scorch.
Nothing appears to happen.
The wight barely misses you. The wight hits you but does no damage.
You closely miss the wight.
The wight is almost destroyed.
The wight zaps a wand.
You suddenly lose the ability to move!
The wight is no longer more vulnerable to fire.
The wight hits you with a +4 hand axe.
You feel drained.
The wight zaps a wand.
You shrug off the repeated paralysis!
The wight hits you with a +4 hand axe!
You feel drained.
The wight hits you with a +0 long sword!
You feel drained. The wight hits you with a +4 hand axe.
* * * LOW HITPOINT WARNING * * *
You feel drained.
* * * LOW HITPOINT WARNING * * *
The wight hits you with a +0 long sword!
* * * LOW HITPOINT WARNING * * *
You feel drained.
* * * LOW HITPOINT WARNING * * *
The wight hits you with a +4 hand axe.
You die...

#+#..##.###
...........#......#######
...........#.............
#.........#.............
#.........##.#'#........
##..............#........
#...............#........
#........z...............
#####.......@z...#.......####
#.........###...##.......# #
#.........# ...##.......# #
#.........# ...##.......# #
#####.....# ...##.......#
#.....# ...##.......# #.....#
...##.......# #######)#####
...##.......# ##........#
#.....#+##


You could see 2 wights.

Vanquished Creatures
  The ghost of Nato the Ruffian, an amateur TrMo (D:5)
  3 yaks (D:5)
  A steam dragon (D:7)
  The ghost of fragbeetle the Insei, an amateur MfTm (D:5)
  A black bear (D:6)
  An ice beast (D:6)
  2 hornet zombies
  4 ogres
  A bullfrog (D:7)
  8 scorpions
  A water moccasin zombie (D:5)
  A water moccasin skeleton (D:4)
  3 wights
  4 hounds
  A bullfrog zombie (D:6)
  A jelly (D:4)
  2 orc priests
  A centaur skeleton (D:7)
  A bullfrog skeleton (D:6)
  5 iguanas
  6 orc wizards
  A killer bee zombie (D:7)
  The ghost of RancidPinata the Sneak, a weakling GrDe (D:5)
  A hound zombie (D:5)
  3 hound skeletons
  Robin (D:2)
  3 gnolls (D:3)
  7 adders
  A white imp (D:3)
  An ufetubus (D:5)
  2 adder skeletons (D:4)
  The ghost of spaghetti the Sneak, a weakling NaDe (D:5)
  The ghost of spaghetti the Sneak, a weakling NaDe (D:5)
  3 dart slugs
  24 orcs
  9 bats
  7 endoplasms
  3 giant cockroaches
  15 goblins
  15 hobgoblins
  3 jackals
  6 kobolds
  7 quokkas
  8 ball pythons
  5 frilled lizards
  5 rats
182 creatures vanquished.

Vanquished Creatures (others)
  28 foxfires (D:4)
28 creatures vanquished.

Grand Total: 210 creatures vanquished

Notes
Turn   | Place    | Note
-------+----------+-------------------------------------------
     0 | D:1      | croobank the Vampire Cinder Acolyte began the quest for the
                  | Orb.
     0 | D:1      | Reached XP level 1. HP: 17/17 MP: 2/2
   139 | D:1      | Reached XP level 2. HP: 23/23 MP: 3/3
   147 | D:1      | Learned a level 2 spell: Scorch
   318 | D:1      | Learned a level 1 spell: Beastly Appendage
   339 | D:1      | Found Qehuiv's Book Shoppe.
   732 | D:1      | Gained mutation: You are afflicted with vampirism and can
                  | become a bat while bloodless. [Vampire growth]
   732 | D:1      | Reached XP level 3. HP: 28/28 MP: 0/4
  1026 | D:2      | Reached skill level 1 in Dodging
  1368 | D:2      | Found Ringib's Jewellery Shop.
  1414 | D:2      | Identified the +0 helmet "Ufupn" {rPois rC- rCorr Str-2}
  1414 | D:2      | Noticed Robin
  1482 | D:2      | Killed Robin
  1483 | D:2      | Reached XP level 4. HP: 22/34 MP: 0/6
  1734 | D:2      | Found a faded altar of an unknown god.
  1993 | D:2      | Learned a level 2 spell: Wereblood
  2295 | D:4      | Noticed a scorpion
  2308 | D:3      | Reached skill level 1 in Transmutations
  2308 | D:3      | Reached XP level 5. HP: 31/40 MP: 4/7
  2735 | D:3      | Learned a level 3 spell: Spider Form
  3004 | D:3      | Reached XP level 6. HP: 47/47 MP: 2/9
  3496 | D:4      | Reached skill level 1 in Stealth
  3749 | D:5      | Entered Level 5 of the Dungeon
  4039 | D:5      | Reached XP level 7. HP: 52/52 MP: 4/11
  4408 | D:5      | Reached skill level 5 in Poison Magic
  4447 | D:4      | Reached XP level 8. HP: 28/58 MP: 4/12
  4925 | D:4      | Found Yrowotah's Book Shop.
  4939 | D:4      | Reached skill level 5 in Short Blades
  5431 | D:5      | Found a runed translucent gate.
  5432 | D:5      | Found a runed translucent gate.
  5432 | D:5      | Found a runed translucent gate.
  5433 | D:5      | Noticed RancidPinata's ghost (weakling GrDe)
  5433 | D:5      | Noticed spaghetti's ghost (weakling NaDe)
  5433 | D:5      | Noticed fragbeetle's ghost (amateur MfTm)
  5433 | D:5      | Noticed Nato's ghost (amateur TrMo)
  5433 | D:5      | Noticed spaghetti's ghost (weakling NaDe)
  5484 | D:5      | Reached skill level 5 in Dodging
  5798 | D:5      | Found an iron altar of Okawaru.
  6034 | D:6      | Reached XP level 9. HP: 59/63 MP: 0/13
  6100 | D:6      | Found Poamiwk's Weapon Shoppe.
  6200 | D:5      | Killed spaghetti's ghost
  6208 | D:5      | Killed fragbeetle's ghost
  6212 | D:5      | Killed RancidPinata's ghost
  6220 | D:5      | Killed Nato's ghost
  6221 | D:5      | Killed spaghetti's ghost
  6244 | D:5      | Identified the +6 scale mail of Death's Door {rC+ rCorr
                  | Str+4}
  6621 | D:6      | Found a broken altar of Ashenzari.
  6621 | D:6      | Found an opulent altar of Gozag.
  7268 | D:7      | Found a staircase to the Ecumenical Temple.
  7367 | D:7      | Paralysed by a wight for 5 turns
  7370 | D:7      | HP: 2/51 [wight (1)]
  7371 | D:7      | Slain by a wight

Illustrated notes

Levels and vault maps discovered:
D:1:      dpeg_arrival_rooms_with_view, layout_basic, serial_shops, shop
D:2:      layout_basic, serial_shops, shop, hellmonk_ecumenical_altar_blasted,
          amcnicky_mini_rare_corridor_liquid, solitary_fountain,
          minmay_misc_feat_four_crosses, uniq_robin
D:3:      minmay_razor_zed, layout_loops_cross
D:4:      layout_rooms, serial_shops, kennysheep_little_box
D:5:      layout_gridville, kennysheep_okawaru_gauntlet,
          gammafunk_ghost_cemetery
D:6:      layout_rooms, gammafunk_temple_overflow_wave, serial_shops, shop
D:7:      layout_basic, minmay_temple_entry_mini_moons

Skill      XL: |  1  2  3  4  5  6  7  8  9 |
---------------+----------------------------+-----
Dodging        | 1 5 8 |  8.3
Short Blades   | 4 6 8 |  8.2
Fire Magic     | 3 |  3.8
Transmutations | 1 2 |  2.3
Spellcasting   | 2 |  2.7
Fighting       | 3 |  3.0
Stealth        | 1 |  1.0
Poison Magic   | 2 5 6 |  6.2
Throwing       | |  0.4

Action                   |  1- 3 |  4- 6 |  7- 9 || total
-------------------------+-------+-------+-------++-------
Melee: Short sword       |   121 |   118 |   155 ||   394
       Bite              |    11 |    12 |    11 ||    34
       Unarmed           |       |       |    14 ||    14
Throw: Boomerang         |     2 |     7 |     1 ||    10
       Javelin           |       |       |    21 ||    21
 Cast: Scorch            |    24 |    56 |   100 ||   180
       Spider Form       |       |       |     1 ||     1
Invok: Foxfire Swarm     |       |     1 |     1 ||     2
       Fiery Armour      |       |       |     2 ||     2
  Use: Scroll            |       |     6 |     2 ||     8
       Potion            |       |     2 |     2 ||     4
Armor: Robe              |    16 |       |       ||    16
       Steam dragon scal |    36 |    34 |    43 ||   113
       Skin              |       |       |     2 ||     2
       Scale mail        |       |       |    24 ||    24
Dodge: Dodged            |    66 |    66 |   129 ||   261

Table legend: (Time is in decaauts)
 A = Elapsed time spent in this place.
 B = Non-inter-level travel time spent in this place.
 C = Inter-level travel time spent in this place.
 D = Time resting spent in this place.
 E = Time spent auto-exploring this place.
 F = Levels seen in this place.
 G = Mean time per level.
                   A        B        C        D        E       F      G
               +--------+--------+--------+--------+--------+-----+--------+
         Total |   7325 |   7177 |    148 |   1312 |   4044 |   7 | 1046.4 |
       Dungeon |   7325 |   7177 |    148 |   1312 |   4044 |   7 | 1046.4 |
               +--------+--------+--------+--------+--------+-----+--------+

Top non-repeatable levels by time:
     D:5: 1681 daAuts
     D:3: 1356 daAuts
     D:2: 1013 daAuts
     D:4: 1013 daAuts
     D:1: 985 daAuts
     D:6: 867 daAuts
     D:7: 406 daAuts
